[Event "*** SCC Grand Prix: Titled Tuesday Blitz"]
[Site "Chess.com"]
[Date "2020.08.25"]
[Round "5"]
[White "Grandmaster2B"]
[Black "26andrej26"]
[Result "0-1"]
[WhiteElo "2415"]
[BlackElo "2610"]
[TimeControl "180+1"]
[EndTime "10:55:59 PDT"]
[Termination "26andrej26 won by resignation"]

1. e4 c5 2. Nf3 d6 3. d4 cxd4 4. Nxd4 Nf6 5. Nc3 a6 6. f3 e5 7. Nb3 Be6 8. Be3 h5 9. Nd5 Bxd5 10. exd5 Nbd7 11. c4 a5 12. Be2 g6 13. O-O Bg7 14.
Qd2 O-O 15. Kh1 a4 16. Nc1 e4 17. fxe4 Nxe4 18. Qc2 Re8 19. Bf3 Ng3+ 20. hxg3 Rxe3 21. Rb1 Qg5 22. Qf2 Rae8 23. b3 Be5 24. Ne2 Nc5 25.
Bg4 f5 26. Bh3 Ne4 0-1

[Event "*** SCC Grand Prix: Titled Tuesday Blitz"]
[Site "Chess.com"]
[Date "2020.08.25"]
[Round "5"]
[White "ketster"]
[Black "GaboSalazar2001"]
[Result "0-1"]
[WhiteElo "2433"]
[BlackElo "2293"]
[TimeControl "180+1"]
[EndTime "10:55:59 PDT"]
[Termination "GaboSalazar2001 won by checkmate"]

1. d4 Nf6 2. c4 c5 3. d5 b5 4. Nd2 bxc4 5. e4 e6 6. Bxc4 exd5 7.
exd5 d6 8. Ngf3 Be7 9. O-O O-O 10. a4 Nbd7 11. a5 Re8 12. Nb1 Ne4 13. Bd3 Bf6 14.
Qc2 Ng5 15. Nxg5 Bxg5 16. Bxh7+ Kh8 17. Ra3 Bxc1 18. Rxc1 Ne5 19. Bf5 Qg5 20. Rh3+ Kg8 21. Bxc8 Raxc8 22. Nc3 Ng6 23. Rg3 Qe5 24. a6 Qe1+ 25.
Rxe1 Rxe1# 0-1

[Event "*** SCC Grand Prix: Titled Tuesday Blitz"]
[Site "Chess.com"]
[Date "2020.08.25"]
[Round "5"]
[White "Roza_Idrisova"]
[Black "WonderChampion"]
[Result "1/2-1/2"]
[WhiteElo "2196"]
[BlackElo "1976"]
[TimeControl "180+1"]
[EndTime "10:56:01 PDT"]
[Termination "Game drawn by repetition"]

1. d4 d5 2. Nf3 Nf6 3. Bg5 Bf5 4. e3 h6 5. Bh4 e6 6. Bd3 Bxd3 7.
Qxd3 c5 8. O-O c4 9. Qe2 Nc6 10. c3 Be7 11. Nbd2 O-O 12. Bg3 Bd6 13. Bxd6 Qxd6 14. e4 Qd8 15. exd5 exd5 16. Rfe1 Re8 17.
Qf1 Qd7 18. h3 Rxe1 19. Rxe1 Re8 20. Ne5 Nxe5 21. dxe5 Nh7 22. Nf3 f6 23. Re3 Ng5 24. exf6 gxf6 25. Qd1 Rxe3 26. fxe3 Kf7 27. Nxg5+ hxg5 28. e4 Ke6 29. Qg4+ Ke7 30. Qf3 d4 31. cxd4 Qxd4+ 32. Kh2 Qxb2 33. Qe3 c3 34. Qc5+ Kf7 35. Qd5+ Kg7 36.
Qd7+ Kg6 37. Qe8+ Kg7 38. Qe7+ Kg6 39. Qe8+ Kg7 40. Qe7+ Kg6 41. Qe8+ 1/2-1/2

[Event "*** SCC Grand Prix: Titled Tuesday Blitz"]
[Site "Chess.com"]
[Date "2020.08.25"]
[Round "5"]
[White "Artyom_ChessMate"]
[Black "GOGIEFF"]
[Result "0-1"]
[WhiteElo "2578"]
[BlackElo "2857"]
[TimeControl "180+1"]
[EndTime "10:56:02 PDT"]
[Termination "GOGIEFF won by resignation"]

1. e4 c5 2. Nc3 Nc6 3. Bb5 e6 4. Bxc6 bxc6 5. d3 Ne7 6. f4 d5 7. Nf3 Ng6 8. O-O Be7 9. Qe1 O-O 10. b3 c4 11. dxc4 dxc4 12. Be3 Qc7 13. Rd1 cxb3 14. axb3 Ba6 15. f5 Bxf1 16. fxg6 Bb5 17. gxh7+ Kxh7 18. Bg5 f6 19. Qh4+ Kg8 20. Be3 Rad8 21. Ra1 a6 22. Qg4 Bb4 23. Nxb5 cxb5 24. Qxe6+ Qf7 25. Qxf7+ Rxf7 26. Rxa6 Re7 27. e5 fxe5 28. Bg5 Rd1+ 29. Kf2 Re8 30.
Kg3 e4 31. Nh4 e3 32. Nf5 e2 33. Ra7 0-1

[Event "*** SCC Grand Prix: Titled Tuesday Blitz"]
[Site "Chess.com"]
[Date "2020.08.25"]
[Round "5"]
[White "anon102030"]
[Black "Zq1"]
[Result "1-0"]
[WhiteElo "2732"]
[BlackElo "2529"]
[TimeControl "180+1"]
[EndTime "10:56:03 PDT"]
[Termination "anon102030 won by resignation"]

1. e4 c5 2. Nc3 e6 3. g3 d5 4. exd5 exd5 5. d4 cxd4 6. Qxd4 Nf6 7. Bg2 Nc6 8. Qa4 Be7 9. Nge2 O-O 10. O-O Be6 11.
Bg5 h6 12. Bxf6 Bxf6 13. Rad1 d4 14. Ne4 Be5 15. c3 Bg4 16. f3 Bd7 17. Nc5 Be8 18.
Qc2 Qb6 19. cxd4 Bf6 20. Kh1 Rc8 21. Ne4 Ne7 22. Nxf6+ Qxf6 23. Qb3 Bc6 24. Nf4 g5 25. Nd3 Qxd4 26. Nb4 Qb6 27. Rfe1 Ng6 28. Rd6 Rfd8 1-0

[Event "*** SCC Grand Prix: Titled Tuesday Blitz"]
[Site "Chess.com"]
[Date "2020.08.25"]
[Round "5"]
[White "el-roedor"]
[Black "mishanick"]
[Result "0-1"]
[WhiteElo "2646"]
[BlackElo "2964"]
[TimeControl "180+1"]
[EndTime "10:56:05 PDT"]
[Termination "mishanick won by resignation"]

1. d4 Nf6 2. c4 e6 3. Nc3 Bb4 4. e3 O-O 5. Bd2 c5 6. a3 Bxc3 7. Bxc3 Ne4 8. Rc1 b6 9. Nf3 Bb7 10. Bd3 Nxc3 11. Rxc3 cxd4 12. exd4 Nc6 13. O-O Rc8 14. Re1 Qf6 15. Be4 d6 16. d5 exd5 17. Bxd5 Na5 18. Bxb7 Nxb7 19. Qd4 Qxd4 20. Nxd4 Rfe8 21.
Rce3 Rxe3 22. Rxe3 Kf8 23. Rc3 Na5 24. b3 d5 25. g3 dxc4 26. b4 Nb7 27. Nb5 a6 28. Nd4 Nd6 29. a4 b5 30. axb5 Nxb5 31. Nxb5 axb5 32.
Kf1 Ra8 33. Rc1 Ra4 34. Rb1 Ra2 35. Kg2 g6 36. Kf3 Ra3+ 37. Ke4 Ke7 38. f4 Rb3 39. Rxb3 cxb3 40. Kd3 Kd6 41. Kc3 Kd5 42. Kxb3 Kd4 43.
h4 h5 0-1

[Event "*** SCC Grand Prix: Titled Tuesday Blitz"]
[Site "Chess.com"]
[Date "2020.08.25"]
[Round "5"]
[White "Borsuk_Konstantin"]
[Black "A-Fier"]
[Result "0-1"]
[WhiteElo "2543"]
[BlackElo "2762"]
[TimeControl "180+1"]
[EndTime "10:56:05 PDT"]
[Termination "A-Fier won on time"]

1. d4 Nf6 2. c4 c5 3. d5 e6 4. Nc3 exd5 5. cxd5 d6 6. Nf3 g6 7. g3 Bg7 8. Bg2 O-O 9. O-O Re8 10. Nd2 Nbd7 11. Rb1 Ne5 12. b4 c4 13. Qc2 Bf5 14. e4 Bd7 15. Ba3 b5 16. Nf3 Nd3 17. Ne1 Nxe1 18.
Rfxe1 Ng4 19. h3 Ne5 20. Red1 Qb6 21. Bc1 f5 22. Be3 Qb7 23. a4 a6 24. exf5 Bxf5 25. Be4 Bxh3 26. Kh2 Bg4 27. Kg2 Bxd1 28. Rxd1 Rac8 29.
axb5 axb5 30. Ne2 Nd3 31. f3 Nxb4 32. Qb1 Nd3 33. Nf4 Nxf4+ 34. Bxf4 Qb6 35. Qb4 c3 0-1

[Event "*** SCC Grand Prix: Titled Tuesday Blitz"]
[Site "Chess.com"]
[Date "2020.08.25"]
[Round "5"]
[White "mirceaparligras"]
[Black "ExtremeLearner"]
[Result "1-0"]
[WhiteElo "2677"]
[BlackElo "2395"]
[TimeControl "180+1"]
[EndTime "10:56:06 PDT"]
[Termination "mirceaparligras won by checkmate"]

1. e3 Nf6 2. d4 d5 3. Nf3 Bf5 4. c4 e6 5. Qb3 Nc6 6. Bd2 Rb8 7.
cxd5 exd5 8. Bb5 Bd6 9. Nc3 a6 10. Be2 Ne7 11. Rc1 O-O 12. O-O Ng6 13. Na4 Ne4 14.
Bb4 Bxb4 15. Qxb4 Nh4 16. Nxh4 Qxh4 17. Rxc7 Ng5 18. Qd6 Be4 19. Nc5 b6 20. Nxe4 dxe4 21. Rfc1 Rbd8 22. Qg3 Qh6 23. R1c6 Ne6 24. Bc4 Rxd4 25.
exd4 Qc1+ 26. Bf1 Qxb2 27. Rxe6 fxe6 28. Qxg7# 1-0

[Event "*** SCC Grand Prix: Titled Tuesday Blitz"]
[Site "Chess.com"]
[Date "2020.08.25"]
[Round "5"]
[White "abfchess"]
[Black "alexgo05"]
[Result "1-0"]
[WhiteElo "2164"]
[BlackElo "2342"]
[TimeControl "180+1"]
[EndTime "10:56:06 PDT"]
[Termination "abfchess won by checkmate"]

1. d4 Nf6 2. Nf3 c5 3. d5 e6 4.
Nc3 b5 5. Bg5 b4 6. Ne4 Bb7 7.
Bxf6 gxf6 8. c4 f5 9. Ng3 Bg7 10. Rb1 h5 11. h4 d6 12. e4 f4 13. Ne2 e5 14. g3 fxg3 15. Nxg3 Bc8 16. Be2 Qf6 17.
Ng5 Nd7 18. Nxh5 Qg6 19. Ng3 Nf6 20. Qd2 Bh6 21. Rg1 Bxg5 22. Qxg5 Qxg5 23. hxg5 Nh7 24. Nh5 Kf8 25. Kd2 Rg8 26. Nf6 Nxf6 27. gxf6 Rxg1 28.
Rxg1 Bd7 29. Rg7 a5 30. Bh5 Be8 31. Rh7 Kg8 32. Rg7+ Kf8 33. Ke3 a4 34. f4 exf4+ 35.
Kxf4 a3 36. b3 Ra7 37. Kg5 Rd7 38. Kh6 Ra7 39. Kh7 Ba4 40. Rg8# 1-0

[Event "*** SCC Grand Prix: Titled Tuesday Blitz"]
[Site "Chess.com"]
[Date "2020.08.25"]
[Round "5"]
[White "icychess54"]
[Black "ChessyInstinct"]
[Result "0-1"]
[WhiteElo "2238"]
[BlackElo "2485"]
[TimeControl "180+1"]
[EndTime "10:56:06 PDT"]
[Termination "ChessyInstinct won by resignation"]

1. c4 c6 2. Nf3 d5 3. e3 Nf6 4.
Nc3 e6 5. Be2 Nbd7 6. O-O Bd6 7.
b3 O-O 8. Bb2 b6 9. d4 Bb7 10.
Qc2 c5 11. Rfd1 Qe7 12. Rac1 Rac8 13. cxd5 exd5 14. Qf5 a6 15. Na4 Ne4 16. dxc5 bxc5 17. Bd3 Ndf6 18. Bxe4 Nxe4 19. Nb6 Rcd8 20. Nxd5 Bxd5 21.
Rxd5 g6 22. Qh3 Bxh2+ 23. Nxh2 Rxd5 24. Ng4 f6 25. f3 Rh5 26. Qxh5 gxh5 27. Nh6+ Kh8 28.
fxe4 Qxe4 0-1

[Event "*** SCC Grand Prix: Titled Tuesday Blitz"]
[Site "Chess.com"]
[Date "2020.08.25"]
[Round "5"]
[White "ClydeHillKid"]
[Black "Efremov_Vlad"]
[Result "1-0"]
[WhiteElo "2355"]
[BlackElo "2200"]
[TimeControl "180+1"]
[EndTime "10:56:06 PDT"]
[Termination "ClydeHillKid won by resignation"]

1. e4 c5 2. Nf3 e6 3. d3 Nc6 4.
g3 g6 5. Bg2 Bg7 6. O-O d6 7. Re1 Nge7 8. c3 e5 9. Be3 O-O 10. d4 cxd4 11. cxd4 d5 12. Nxe5 Nxe5 13. dxe5 Bxe5 14. Bd4 Bxd4 15. Qxd4 dxe4 16. Qxe4 Nc6 17.
Nc3 Bf5 18. Qf4 Re8 19. Rxe8+ Qxe8 20. Nd5 Qe5 21. Qxe5 Nxe5 22. Re1 Nc6 23. Ne7+ Nxe7 24. Rxe7 Rd8 25. Bxb7 Rd1+ 26. Kg2 Rd2 27. b4 Be6 28. a4 Rb2 29. b5 Ra2 30. Ba6 Bd5+ 31. Kh3 Be6+ 32. g4 Rxa4 33. f3 h5 34. Rxa7 hxg4+ 35. Kg2 Ra2+ 36. Kg3 Ra3 37. Ra8+ Kg7 38. Bb7 gxf3 39.
Rxa3 1-0

[Event "*** SCC Grand Prix: Titled Tuesday Blitz"]
[Site "Chess.com"]
[Date "2020.08.25"]
[Round "5"]
[White "Quiet_Desperation"]
[Black "kleopl"]
[Result "0-1"]
[WhiteElo "2287"]
[BlackElo "2450"]
[TimeControl "180+1"]
[EndTime "10:56:09 PDT"]
[Termination "kleopl won by resignation"]

1. Nf3 d6 2. b3 e5 3. e3 f5 4. Bb2 Nf6 5. d4 e4 6. Nfd2 g6 7. c4 Bg7 8. Be2 O-O 9. O-O c6 10.
Nc3 g5 11. f3 exf3 12. Nxf3 h6 13. d5 Qe8 14. Kh1 Qxe3 15. Bd3 cxd5 16. Qc2 Nc6 17. Rae1 Qc5 18. a3 dxc4 19. Bxc4+ d5 20. Na4 Qd6 21. Bd3 Ne4 22. Bxe4 fxe4 23. Bxg7 Kxg7 24. Qb2+ Qf6 25. Qxf6+ Rxf6 26. Nd2 Rxf1+ 27. Nxf1 Bf5 28. Ne3 Be6 29. Nc5 Re8 30. Nxe6+ Rxe6 31. Nxd5 Nd4 32. b4 Nc2 33. Rc1 Nxa3 34. Rc7+ Kg6 35. g4 e3 36. Ne7+ Kf6 37. Nd5+ Ke5 38. Nxe3 Kf4 39. Nf5 Kxg4 40. Nd4 Re4 41. Rc3 Rxd4 42. Rxa3 Rxb4 43. Rxa7 h5 0-1

[Event "*** SCC Grand Prix: Titled Tuesday Blitz"]
[Site "Chess.com"]
[Date "2020.08.25"]
[Round "5"]
[White "albano87"]
[Black "davigator"]
[Result "0-1"]
[WhiteElo "2536"]
[BlackElo "2331"]
[TimeControl "180+1"]
[EndTime "10:56:10 PDT"]
[Termination "davigator won by resignation"]

1. e4 c5 2. Nf3 Nc6 3. d4 cxd4 4. Nxd4 Nf6 5. Nc3 d6 6. f3 e5 7. Nb3 Be7 8. Be3 Be6 9. Nd5 Bxd5 10. exd5 Nb8 11.
c4 a5 12. Bd3 a4 13. Nd2 Nbd7 14.
O-O O-O 15. b4 axb3 16. axb3 Qc7 17. Qc2 g6 18. f4 Rxa1 19. Rxa1 exf4 20. Bxf4 Ng4 21.
Nf3 Qb6+ 22. Kf1 Bf6 23. Re1 Nde5 24. Be4 Nxf3 25. Bxf3 Ne5 26. Bxe5 Bxe5 27. g3 Ra8 28. Kg2 Ra3 29. Rb1 Qa7 30. Kh3 Ra2 31. Qe4 h5 32. b4 Qa8 33. Rh1 Qc8+ 34. g4 hxg4+ 35. Qxg4 Qe8 36. Bg2 Kg7 37. Rf1 Bf6 38. Qf4 Qh8+ 39. Kg4 Qh5+ 40. Kg3 Be5 0-1

[Event "*** SCC Grand Prix: Titled Tuesday Blitz"]
[Site "Chess.com"]
[Date "2020.08.25"]
[Round "5"]
[White "poppy73"]
[Black "Steven_Rojas"]
[Result "0-1"]
[WhiteElo "2238"]
[BlackElo "2484"]
[TimeControl "180+1"]
[EndTime "10:56:11 PDT"]
[Termination "Steven_Rojas won on time"]

1. e4 e5 2. Nf3 Nc6 3. Bb5 a6 4. Ba4 Nf6 5. d3 b5 6. Bb3 Bc5 7. Nc3 O-O 8. Bg5 h6 9. Bh4 Be7 10. Bxf6 Bxf6 11. g4 d6 12. Bd5 Nd4 13. Nxd4 exd4 14.
Bxa8 dxc3 15. b3 Bd7 16. Bb7 Qb8 17. Bxa6 Qb6 18. Bxb5 Qxb5 19. a4 Qc5 20. Qe2 Bd4 21.
h4 g6 22. f4 h5 23. f5 Qe5 24. gxh5 gxf5 25. h6 Qg3+ 26. Kd1 f4 0-1

[Event "*** SCC Grand Prix: Titled Tuesday Blitz"]
[Site "Chess.com"]
[Date "2020.08.25"]
[Round "5"]
[White "ChessWarrior3"]
[Black "northridgehawk"]
[Result "1-0"]
[WhiteElo "2117"]
[BlackElo "2285"]
[TimeControl "180+1"]
[EndTime "10:56:11 PDT"]
[Termination "ChessWarrior3 won by checkmate"]

1. e4 e5 2. Nf3 Nc6 3. Bb5 a6 4. Ba4 Nf6 5. O-O b5 6. Bb3 Bc5 7. Nxe5 Nxe5 8. d4 Bxd4 9. Qxd4 d6 10. f4 Nc6 11. Qc3 Bd7 12. e5 Ne4 13. Qf3 Nc5 14. Bd5 Nd4 15. Qd1 dxe5 16. Bxf7+ Kxf7 17. fxe5+ Nf5 18. Qd5+ Be6 19. Qxc5 h5 20. Nc3 Rf8 21.
Bf4 Kg8 22. Rad1 Qe7 23. Qc6 Bc4 24. Rfe1 Rad8 25. b3 Be6 26. Nd5 Qf7 27. Nxc7 Bc8 28. e6 Qe7 29. Nd5 Qa7+ 30. Kh1 Bb7 31. Qc7 Rc8 32. e7 Rfe8 33. Qd7 Rxc2 34. Qxe8+ Kh7 35.
Qxh5+ Nh6 36. Nf6+ gxf6 37. Qxh6+ Kg8 38. e8=Q# 1-0

[Event "*** SCC Grand Prix: Titled Tuesday Blitz"]
[Site "Chess.com"]
[Date "2020.08.25"]
[Round "5"]
[White "ditkin25"]
[Black "Carnivoras"]
[Result "0-1"]
[WhiteElo "2429"]
[BlackElo "2659"]
[TimeControl "180+1"]
[EndTime "10:56:12 PDT"]
[Termination "Carnivoras won by resignation"]

1. e4 c5 2. Nf3 d6 3. Bb5+ Bd7 4. Bxd7+ Qxd7 5. c4 Qg4 6. O-O Qxe4 7. d3 Qc6 8. Nc3 Nf6 9. Re1 e6 10. d4 Be7 11. d5 Qd7 12. dxe6 fxe6 13. Ng5 e5 14. Nge4 Nc6 15. Nxf6+ Bxf6 16. Nd5 O-O 17. Re3 Nd4 18. Rg3 Bh4 19. Rh3 Bxf2+ 20. Kh1 Rf5 21. Qg4 Raf8 22. Bh6 Be1 23. Rf3 Rxf3 24. gxf3 Qxg4 25. fxg4 Rf1+ 26. Kg2 Rf2+ 27. Kh1 gxh6 28. g5 Nf3 29. Nf6+ Kf7 30. Ng4 Rxb2 31. h4 h5 32. Rxe1 hxg4 0-1

[Event "*** SCC Grand Prix: Titled Tuesday Blitz"]
[Site "Chess.com"]
[Date "2020.08.25"]
[Round "5"]
[White "AlexTriapishko"]
[Black "SilviusTiberius"]
[Result "1-0"]
[WhiteElo "2707"]
[BlackElo "2473"]
[TimeControl "180+1"]
[EndTime "10:56:14 PDT"]
[Termination "AlexTriapishko won by resignation"]

1. e4 c5 2. Nf3 Nc6 3. d4 cxd4 4. Nxd4 Nf6 5. Nc3 d6 6. Bc4 e6 7. Bb3 Be7 8. O-O O-O 9. Be3 Na5 10. f4 b6 11. f5 e5 12. Nde2 Nxb3 13. axb3 Bb7 14.
Ng3 d5 15. exd5 Nxd5 16. Nxd5 Qxd5 17. Qe2 Rfd8 18. Ra4 Bc5 19. Bxc5 Qxc5+ 20. Kh1 Rd4 21. Rxd4 Qxd4 22. c3 Qd5 23. c4 Qd4 24. Rd1 Qf4 25.
Qd2 Re8 26. Qd7 1-0

[Event "*** SCC Grand Prix: Titled Tuesday Blitz"]
[Site "Chess.com"]
[Date "2020.08.25"]
[Round "5"]
[White "Falcon28dz"]
[Black "JoySpaceman"]
[Result "1-0"]
[WhiteElo "2116"]
[BlackElo "2439"]
[TimeControl "180+1"]
[EndTime "10:56:14 PDT"]
[Termination "Falcon28dz won by resignation"]

1. e4 c5 2. Nf3 a6 3. b3 b5 4. a4 bxa4 5. Rxa4 d6 6. Nc3 Nf6 7. e5 Nfd7 8. exd6 exd6 9. Re4+ Be7 10. Nd5 Nc6 11. Qe2 Kf8 12. Bb2 Rg8 13. Qe3 Bb7 14. Bc4 Nf6 15. Rxe7 Nxd5 16. Rxf7+ Kxf7 17. Bxd5+ Kf8 18. Qf4+ Qf6 19. Bxf6 Re8+ 20. Kd1 1-0

[Event "*** SCC Grand Prix: Titled Tuesday Blitz"]
[Site "Chess.com"]
[Date "2020.08.25"]
[Round "5"]
[White "Mikasinski"]
[Black "tan275"]
[Result "1-0"]
[WhiteElo "2351"]
[BlackElo "2198"]
[TimeControl "180+1"]
[EndTime "10:56:14 PDT"]
[Termination "Mikasinski won by resignation"]

1. e4 c6 2. d4 d5 3. e5 Bf5 4. h4 h5 5. Bg5 Qb6 6. Bd3 Qxd4 7. Nf3 Qg4 8. Bxf5 Qxf5 9. O-O e6 10. c4 Be7 11. Qb3 b6 12. cxd5 cxd5 13. Qb5+ Nd7 14.
Qc6 Rd8 15. Nd4 Qxe5 16. Nb5 Bxg5 17. hxg5 Qxg5 18. Nd6+ Ke7 19. Nb7 Rb8 20. Nc3 Nh6 21.
Nb5 Nf5 22. Rfe1 Qd2 23. Rad1 Qxb2 24. Rxd5 Rhc8 25. Qxd7+ Kf6 26. Rd2 Qb4 27. N5d6 Qxd2 28. Ne4+ Kg6 29. Nxd2 Rc2 30. Nf3 h4 31. Ne5+ 1-0

[Event "*** SCC Grand Prix: Titled Tuesday Blitz"]
[Site "Chess.com"]
[Date "2020.08.25"]
[Round "5"]
[White "PaulfromSPb"]
[Black "garicradomir"]
[Result "1-0"]
[WhiteElo "2660"]
[BlackElo "2304"]
[TimeControl "180+1"]
[EndTime "10:56:15 PDT"]
[Termination "PaulfromSPb won by resignation"]

1. e4 g6 2. d4 Nf6 3. e5 Nh5 4. Nf3 d6 5. h3 Nc6 6. exd6 exd6 7. Bg5 Nf6 8. Qe2+ Kd7 9. d5 Ne5 10. Nxe5+ dxe5 11. Nc3 h6 12. Qb5+ c6 13. dxc6+ bxc6 14. O-O-O+ Bd6 15. Qxe5 Nd5 16. Bxd8 Bxe5 17. Nxd5 cxd5 18.
Rxd5+ Bd6 19. Bf6 Ke6 20. Rxd6+ 1-0

[Event "*** SCC Grand Prix: Titled Tuesday Blitz"]
[Site "Chess.com"]
[Date "2020.08.25"]
[Round "5"]
[White "vinniethepooh"]
[Black "SaqoChess_Twitch"]
[Result "1-0"]
[WhiteElo "2660"]
[BlackElo "2430"]
[TimeControl "180+1"]
[EndTime "10:56:15 PDT"]
[Termination "vinniethepooh won by checkmate"]

1. e4 c5 2. Nf3 d6 3. d4 cxd4 4. Nxd4 Nf6 5. Nc3 g6 6. f3 Bg7 7. Be3 O-O 8. Bc4 Nc6 9. Bb3 Bd7 10. Qe2 Rc8 11. O-O-O Nxd4 12. Bxd4 a5 13. a4 Qe8 14. Rhe1 e5 15. Be3 Rxc3 16. bxc3 Bxa4 17. Rxd6 Bb5 18. c4 Bc6 19. Red1 a4 20. Ba2 Qa8 21. Bb6 Qa6 22. Qf2 a3 23. Rd8 Qa4 24. Bc5 Bh6+ 25. Kb1 Rxd8 26.
Rxd8+ Ne8 27. Qh4 b6 28. Bd6 Bf8 29. Bxf8 Kxf8 30. Qe1 Ke7 31. Rb8 Qa7 32. Qb4+ Nd6 33. Qxb6 Qxb6+ 34. Rxb6 Kd7 35. c5 Nc8 36. Ra6 f5 37. Bd5 Bb5 38. Ra5 Bf1 39. Rxa3 Bxg2 40. Rb3 g5 41. Rb7+ Kd8 42. exf5 g4 43. f6 Ke8 44.
f7+ Kf8 45. Rb8 Kg7 46. Rxc8 Kg6 47. f8=Q Kg5 48. Be4 Kh4 49. Qh6# 1-0

[Event "*** SCC Grand Prix: Titled Tuesday Blitz"]
[Site "Chess.com"]
[Date "2020.08.25"]
[Round "5"]
[White "kasparicy"]
[Black "TurboSteen"]
[Result "1-0"]
[WhiteElo "2342"]
[BlackElo "2047"]
[TimeControl "180+1"]
[EndTime "10:56:15 PDT"]
[Termination "kasparicy won by resignation"]

1. e4 e6 2. d4 d5 3. Nd2 Nf6 4. e5 Nfd7 5. Bd3 c5 6. c3 Nc6 7. Ngf3 g6 8. h4 h6 9. h5 g5 10. O-O Bg7 11. Re1 cxd4 12. cxd4 g4 13. Nh2 Nxd4 14.
Nxg4 Qh4 15. Nf1 Qxh5 16. Ng3 Qh4 17. Be3 Nc6 18. Bb5 Ndxe5 19. Nxe5 Bxe5 20. Bc5 Bxg3 21. fxg3 Qxg3 22. Qxd5 Bd7 23. Bxc6 bxc6 24. Qd4 Rg8 25. Re2 Rg4 26. Qf6 1-0

[Event "*** SCC Grand Prix: Titled Tuesday Blitz"]
[Site "Chess.com"]
[Date "2020.08.25"]
[Round "5"]
[White "Sn00pPawn"]
[Black "The_Machine04"]
[Result "0-1"]
[WhiteElo "2014"]
[BlackElo "2287"]
[TimeControl "180+1"]
[EndTime "10:56:15 PDT"]
[Termination "The_Machine04 won on time"]

1. d4 d6 2. c4 e5 3. dxe5 dxe5 4.
Qxd8+ Kxd8 5. e3 Be6 6. Nc3 c6 7. b3 Nd7 8. Bb2 f6 9. g3 Nh6 10. Bh3 Bxh3 11. Nxh3 Kc7 12. Ke2 a5 13. f4 Bc5 14.
Ne4 exf4 15. exf4 Rhe8 16. Kf3 Nf5 17. Nxc5 Nxc5 18. Nf2 Re3+ 19. Kg2 Re2 20. Ba3 Ne4 21. Rhf1 Rd8 22. Kg1 Rdd2 23. Bc1 Rc2 24. Be3 Rxe3 25. Nxe4 Rxe4 26. Rfe1 Rxe1+ 27. Rxe1 Rxa2 28. Rb1 Nd4 0-1

[Event "*** SCC Grand Prix: Titled Tuesday Blitz"]
[Site "Chess.com"]
[Date "2020.08.25"]
[Round "5"]
[White "novocane"]
[Black "PlotnikovPavel"]
[Result "0-1"]
[WhiteElo "2264"]
[BlackElo "2473"]
[TimeControl "180+1"]
[EndTime "10:56:16 PDT"]
[Termination "PlotnikovPavel won by resignation"]

1. d4 e6 2. c4 f5 3. Nc3 Nf6 4. Bg5 Bb4 5. Qb3 a5 6. Nf3 h6 7. Bxf6 Qxf6 8. e3 O-O 9. Be2 Nc6 10. O-O Bxc3 11. Qxc3 d6 12. Rac1 e5 13. dxe5 dxe5 14. c5 Be6 15. Bc4 e4 16. Qxf6 Rxf6 17. Bxe6+ Rxe6 18.
Nd4 Nxd4 19. exd4 Rd8 20. Rfd1 c6 21. g3 Re7 22. Rc4 Red7 23. Ra4 Kf7 24. Kf1 Ke6 25.
Ke2 g5 26. Ke3 Kd5 27. Rxa5 Rf7 28. f4 gxf4+ 29. gxf4 Rg8 30. Rd2 Rg1 31. b4 Rfg7 32. b5 Re1+ 33. Re2 Rxe2+ 34. Kxe2 Kxd4 35. b6 Rg2+ 36. Kf1 Rxh2 37. Ra7 Ke3 38. Rxb7 Kf3 39.
Kg1 Rxa2 40. Re7 e3 41. b7 Rb2 42. Rc7 e2 43. Re7 Rxb7 0-1

[Event "*** SCC Grand Prix: Titled Tuesday Blitz"]
[Site "Chess.com"]
[Date "2020.08.25"]
[Round "5"]
[White "SHIVACalypso"]
[Black "korbul"]
[Result "0-1"]
[WhiteElo "2320"]
[BlackElo "2540"]
[TimeControl "180+1"]
[EndTime "10:56:16 PDT"]
[Termination "korbul won by resignation"]

1. Nf3 d5 2. c4 e6 3. g3 Nf6 4.
Bg2 Be7 5. O-O O-O 6. d4 c6 7. Nc3 Nbd7 8. Nd2 b5 9. cxb5 cxb5 10. Nxb5 Qb6 11. Nc3 Qxd4 12. Nf3 Qb6 13. b3 Ba6 14. Be3 Qa5 15. Rc1 Ba3 16. Rc2 Rfc8 17. Bd4 Rc7 18.
Ne5 Rac8 19. Nxd7 Nxd7 20. Qd2 Bb4 21. Rfc1 e5 22. a3 Bxa3 23. Ra1 exd4 24. Qxd4 Bc5 25. Rxa5 Bxd4 26. Rxa6 Rxc3 27. Rxc3 Rxc3 28. Bxd5 Bb6 29.
Bc4 Ne5 30. Bd5 Rc2 31. Ra4 Rxe2 0-1

[Event "*** SCC Grand Prix: Titled Tuesday Blitz"]
[Site "Chess.com"]
[Date "2020.08.25"]
[Round "5"]
[White "JuliaEfremova"]
[Black "Kingfisher246"]
[Result "1-0"]
[WhiteElo "2327"]
[BlackElo "1532"]
[TimeControl "180+1"]
[EndTime "10:56:17 PDT"]
[Termination "JuliaEfremova won by checkmate"]

1. e4 e5 2. Nf3 Nf6 3. Nxe5 d6 4. Nf3 Nxe4 5. d4 d5 6. Bd3 Bd6 7. c4 c6 8. Nc3 Nxc3 9. bxc3 O-O 10. O-O dxc4 11.
Bxc4 Bf5 12. h3 Nd7 13. Re1 h6 14. Be3 Qc7 15. Qd2 Nf6 16. Bxh6 gxh6 17. Qxh6 Nh7 18. Ne5 Bxe5 19. Rxe5 Qd7 20. g4 Bxg4 21. hxg4 Qxg4+ 22. Kf1 Rae8 23. Bd3 Qg7 24. Bxh7+ Qxh7 25. Rg5+ Kh8 26. Qf6+ Qg7 27. Qxg7# 1-0

[Event "*** SCC Grand Prix: Titled Tuesday Blitz"]
[Site "Chess.com"]
[Date "2020.08.25"]
[Round "5"]
[White "Makswolf200817"]
[Black "Spriteball"]
[Result "0-1"]
[WhiteElo "2383"]
[BlackElo "2232"]
[TimeControl "180+1"]
[EndTime "10:56:17 PDT"]
[Termination "Spriteball won by checkmate"]

1. d4 d5 2. c4 c6 3. Nf3 Nf6 4. g3 dxc4 5. a4 Bf5 6. Bg2 e6 7. O-O Be7 8. Nbd2 O-O 9. Nxc4 Nbd7 10. Qb3 Nb6 11. a5 Nxc4 12. Qxc4 a6 13. Bf4 Be4 14. Qb3 Qc8 15. Rfc1 Rd8 16. Qb6 Nd5 17. Qb3 Nxf4 18. gxf4 Bxf3 19. Qxf3 Rxd4 20. e4 Qd7 21. Qb3 Rd8 22.
h3 Rb4 23. Qc3 Qd2 24. Qg3 Rxb2 25. f5 exf5 26. exf5 Bf6 27. Rf1 h6 28. Qc7 Re8 29. Rad1 Qb4 30. Rd7 Be5 31. Qb6 Qf4 32. Qxb2 Qh2# 0-1

[Event "*** SCC Grand Prix: Titled Tuesday Blitz"]
[Site "Chess.com"]
[Date "2020.08.25"]
[Round "5"]
[White "Marty435"]
[Black "vladislavkovalev"]
[Result "0-1"]
[WhiteElo "2624"]
[BlackElo "2881"]
[TimeControl "180+1"]
[EndTime "10:56:18 PDT"]
[Termination "vladislavkovalev won by resignation"]

1. d4 Nf6 2. Bf4 g6 3. Nc3 d5 4.
Qd2 Bg7 5. Bh6 O-O 6. O-O-O c5 7. Bxg7 Kxg7 8. dxc5 Qa5 9. Nxd5 Qxa2 10. Qc3 Nc6 11. e4 Kg8 12. Nxf6+ exf6 13. Bc4 Qa1+ 14. Kd2 Rd8+ 15.
Bd5 Qa4 16. Qxf6 Be6 17. Ke1 Bxd5 18. exd5 Rxd5 19. Rxd5 Qe4+ 20. Ne2 Qxd5 21. Qf3 Qxc5 22. Qc3 Qg5 23. Qg3 Qa5+ 24. Nc3 Re8+ 25. Kd2 Rd8+ 26.
Ke1 Qa1+ 0-1

[Event "*** SCC Grand Prix: Titled Tuesday Blitz"]
[Site "Chess.com"]
[Date "2020.08.25"]
[Round "5"]
[White "Fh2411"]
[Black "abykhovsky"]
[Result "0-1"]
[WhiteElo "2550"]
[BlackElo "2774"]
[TimeControl "180+1"]
[EndTime "10:56:18 PDT"]
[Termination "abykhovsky won by resignation"]

1. d4 Nf6 2. Nf3 g6 3. g3 Bg7 4.
Bg2 O-O 5. O-O d6 6. c4 Nbd7 7. Nc3 e5 8. e4 exd4 9. Nxd4 Nc5 10. h3 Re8 11. Re1 h6 12. Bf4 Ne6 13. Be3 Ng5 14. Bxg5 hxg5 15. Qd2 g4 16. h4 Nd7 17. Nd5 Ne5 18.
Rac1 c6 19. Ne3 Qf6 20. Red1 Bh6 21. Qc3 Bd7 22. b4 a6 23. Rc2 Rad8 24. Nf1 Bg7 25. Qe3 b5 26. cxb5 axb5 27. Qf4 Qe7 28. Ne3 Kh7 29. Nef5 gxf5 30. Nxf5 Bxf5 31. Qxf5+ Kg8 32.
Rcd2 Nc4 33. Qxg4 Nxd2 34. Rxd2 d5 35. exd5 Qe1+ 36. Kh2 Qxd2 37. dxc6 Qxf2 38. c7 Rd2 0-1